AoeStats
← RespectTheRussell

Four Lakes

509411780Analyzed
1v1 RM · 5d ago on Sep 26, 2026· 38m 54s· 2 players
Game mode
Random Map
Map size
Tiny (2 player)
Population
200
Speed
Normal
Resources
Standard
Victory
Conquest
Starting age
Dark Age
Ending age
Imperial Age
RankedLock teamsTeams togetherTeam positionsShared explorationLock speedFull tech treeHidden civsTurbo modeCheats
Victory
Defeat
🇺🇸 Lithuanians · United States
1242
+17
🇧🇷 Poles · Brazil
1262
-17
RespectTheRussell
12:12 Feudal Age
11:01 Loom
13:30 Double-Bit Axe
13:28 Fishing Lines
15:17 Bloodlines
15:23 Bloodlines
17:17 Castle Age
15:53 Scale Barding Armor
18:09 Wheelbarrow
17:48 Forging
18:19 Gillnets
19:12 Bow Saw
20:39 Iron Casting
20:56 Chain Barding Armor
20:52 Bloodlines
20:54 Pikeman
21:55 Squires
22:22 Husbandry
23:16 Chain Barding Armor
24:44 Devotion
27:44 Gold Mining
28:21 Horse Collar
34:02 Imperial Age
31:55 Hand Cart
33:59 Town Watch
35:28 Plate Barding Armor
34:23 Cavalier
35:11 Stone Mining
36:31 Conscription
37:08 Stone Shaft Mining
36:12 Paladin
ThousandGamesStillNoob
6:43 Loom
9:46 Feudal Age
10:26 Double-Bit Axe
12:50 Gold Mining
13:45 Horse Collar
15:01 Fletching
18:49 Castle Age
18:38 Forging
19:04 Crossbowman
19:59 Bodkin Arrow
20:57 Scale Mail Armor
22:11 Pikeman
24:15 Thumb Ring
26:17 Padded Archer Armor
28:22 Iron Casting
28:06 Leather Archer Armor
28:13 Bow Saw
31:35 Sanctity
31:31 Fervor
34:50 Wheelbarrow
35:10 Stone Mining
36:08 Ballistics
37:56 Squires
38:15 Chain Mail Armor
38:37 Iron Casting
Connection lost

Rejoining the realm…

Still unreachable

The connection could not be restored.

Session expired

The server has moved on; the page needs a fresh start.